 Dungeon Crawl Stone Soup version 0.30.0-18-gc0e69614cb (webtiles) character file.

Game seed: 5804035355873537766

30 Peloso the Shield-Bearer (level 3, 33/33 HPs)
             Began as a Minotaur Fighter on May 25, 2023.
             Got out of the dungeon alive.
             The game lasted 00:02:14 (954 turns).

Peloso the Shield-Bearer (Minotaur Fighter)          Turns: 954, Time: 00:02:15

Health: 33/33      AC: 11    Str: 20    XL:     3   Next: 3%
Magic:  2/2        EV:  5    Int:  5    God:
Gold:   73         SH:  4    Dex: 11    Spells: 2/2 levels left

rFire   . . .        a - +0 long sword
rCold   . . .        d - +0 buckler
rNeg    . . .        c - +0 plate armour
rPois   .            (helmet restricted)
rElec   .            (no cloak)
rCorr   .            (no gloves)
SInv    .            (no boots)
Will    .....        (no amulet) Stlth
                     (no ring)
HPRegen 0.25/turn    (no ring)
MPRegen 0.08/turn

%: no passive effects
@: no status effects
A: horns 2, retaliatory headbutt, fangs 2, screaming 1
a: no special abilities


You escaped.
You visited 1 branch of the dungeon, and saw 1 of its levels.

You collected 73 gold pieces.

Inventory:

Hand Weapons
 a - a +0 long sword (weapon)
Armour
 b - a +0 scale mail
 c - a +0 plate armour (worn)
 d - a +0 buckler (worn)
Scrolls
 f - a scroll of poison {unknown}
 g - 2 scrolls of blinking {unknown}
 h - 2 scrolls of immolation {unknown}
 i - a scroll of fear {unknown}
 j - a scroll of vulnerability {unknown}
Potions
 k - a potion of might


   Skills:
 + Level 3.8 Fighting
 + Level 3.3 Long Blades
 + Level 4.0 Armour
 + Level 4.0 Shields


You had 2 spell levels left.
You didn't know any spells.
Your spell library was empty.

Dungeon Overview and Level Annotations

Branches:
Dungeon (1/15)

Altars:


Innate Abilities, Weirdness & Mutations

You have a pair of horns on your head.
You reflexively headbutt those who attack you in melee.
You have extremely sharp teeth.
You occasionally shout uncontrollably at your foes.


Message History

You see here a +0 dagger.
h - 2 scrolls labelled ISOATR HAQOO (gained 1)
A kobold comes into view. It is wielding a +0 whip.
The kobold shouts!
A kobold is nearby!
A kobold is nearby!
The kobold hits you but does no damage.
You closely miss the kobold.
You headbutt the kobold, but do no damage.
The kobold hits you but does no damage.
You barely miss the kobold. Your headbutt misses the kobold.
The kobold barely misses you. You furiously retaliate!
You headbutt the kobold!
You kill the kobold!
You see here a +0 whip.
Done exploring.
Done exploring.
Done exploring.
Okay, then.
It was a potion of mutation.
You feel extremely strange.
You occasionally lose the ability to drink potions when taking damage.
Really quaff the potion of mutation?
You feel extremely strange.
You no longer become unable to drink potions after taking damage.
You occasionally lose the ability to drink potions when taking damage.
You feel less encumbered by your armour.
Really quaff the potion of mutation?
You feel extremely strange.
You no longer become unable to drink potions after taking damage.
You feel more encumbered by your armour.
You feel the urge to shout.
Your teeth lengthen and sharpen.
Your teeth lengthen and sharpen some more.
(D) Dungeon
Where to? (? - help)
What level of the Dungeon? (default 1, ? - help)
You see here a +0 chain mail.
You open the door.
There is an open door here.
There is a staircase leading out of the dungeon here.
Are you sure you want to leave the Dungeon?
This will make you lose the game!
You have escaped!

..).....#
#.##.##...#.#######
........#
#.'8.8'...#.#
........#
###...#.....#
....##### ##...##..###
# ....#
#≈...≈########### #
....#
#≈...≈#.........# #
....#
#≈...≈#.#######.# #
....# #≈...≈#.# #.# #
....# #≈.@.≈#.# #.# #
....###########...##.#
#.# #
..............##.###.#
#.# #
#############.#### #.#
#.#### #.# #.# #)#.#
#.######.# #.#.#
#........#######.#.#
#######..).......#.#
#.###..#####.#


There were no monsters in sight!

Vanquished Creatures
  4 ball pythons (D:1)
  4 bats (D:1)
  3 endoplasms (D:1)
  A giant cockroach (D:1)
  4 goblins (D:1)
  A hobgoblin (D:1)
  2 quokkas (D:1)
  3 frilled lizards (D:1)
  3 kobolds (D:1)
  2 rats (D:1)
27 creatures vanquished.

Notes
Turn   | Place    | Note
-------+----------+-------------------------------------------
     0 | D:1      | Peloso the Minotaur Fighter began the quest for the Orb.
     0 | D:1      | Reached XP level 1. HP: 19/19 MP: 0/0
   192 | D:1      | Reached XP level 2. HP: 22/26 MP: 1/1
   802 | D:1      | Reached XP level 3. HP: 32/33 MP: 2/2
   853 | D:1      | Gained mutation: You occasionally lose the ability to drink
                  | potions when taking damage. [potion of mutation]
   854 | D:1      | Lost mutation: You occasionally lose the ability to drink
                  | potions when taking damage. [potion of mutation]
   854 | D:1      | Gained mutation: You occasionally lose the ability to drink
                  | potions when taking damage. [potion of mutation]
   854 | D:1      | Gained mutation: Your movements are slightly less
                  | encumbered by armour. (ER -2) [potion of mutation]
   855 | D:1      | Lost mutation: You occasionally lose the ability to drink
                  | potions when taking damage. [potion of mutation]
   855 | D:1      | Lost mutation: Your movements are slightly less encumbered
                  | by armour. (ER -2) [potion of mutation]
   855 | D:1      | Gained mutation: You occasionally shout uncontrollably at
                  | your foes. [potion of mutation]
   855 | D:1      | Gained mutation: You have very sharp teeth. [potion of
                  | mutation]
   855 | D:1      | Gained mutation: You have extremely sharp teeth. [potion of
                  | mutation]
   954 | D:$      | Got out of the dungeon alive.

Illustrated notes

Levels and vault maps discovered:
D:1:      wander_arrival_chamber, layout_basic

Skill      XL: |  1  2 |
---------------+-------+-----
Shields        | 4 |  4.0
Long Blades    | 3 |  3.3
Armour         | 4 |  4.0
Fighting       | |  3.8

Action                     || total
---------------------------++-------
  Melee: Long sword        ||    53
         Headbutt          ||     6
    Use: Potion            ||     3
 Armour: Scale mail        ||    18
         Plate armour      ||     9
  Dodge: Dodged            ||    27
  Block: Buckler           ||     9
